 Dungeon Crawl Stone Soup version 0.30-a0-723-gc1506a1cf0 (webtiles) character file.

Game seed: 4477767929496601397

213 voltaire321 the Conjurer (level 5, -1/42 HPs)
             Began as a Draconian Conjurer on Jan 29, 2023.
             Slain by Pikel
             ... wielding a +2 whip of freezing
              (10 damage)
             ... on level 4 of the Dungeon.
             The game lasted 00:16:02 (3240 turns).

voltaire321 the Conjurer (Draconian Conjurer)       Turns: 3240, Time: 00:16:03

Health: -1/42      AC:  6    Str:  9    XL:     5   Next: 59%
Magic:  3/9        EV: 13    Int: 21    God:
Gold:   173        SH:  5    Dex: 15    Spells: 7/10 levels left

rFire   . . .      SeeInvis .    e - +1 short sword (holy)
rCold   . . .      Faith    .    (no shield)
rNeg    . . .      Spirit   .    (body armour unavailable)
rPois   .          Reflect  +    (helmet restricted)
rElec   .          Harm     .    (no cloak)
rCorr   +          Rampage  .    (no gloves)
Will    .....                    p - +0 pair of boots
Stlth   ++                       m - amulet of reflection
HPRegen 0.27/turn                d - +6 ring of dexterity
MPRegen 0.11/turn                n - ring of resist corrosion

@: slowed, very slow
A: AC +5, unfitting armour, cold-blooded
a: no special abilities


You were on level 4 of the Dungeon.
You visited 1 branch of the dungeon, and saw 4 of its levels.

You collected 173 gold pieces.

Inventory:

Hand Weapons
 e - a +1 short sword of holy wrath (weapon)
 s - a +0 rapier
Armour
 p - a +0 pair of boots (worn)
Magical Staves
 h - a staff of earth
Jewellery
 b - a ring of fire
 d - a +6 ring of dexterity (left hand)
 m - an amulet of reflection (around neck)
 n - a ring of resist corrosion (right hand)
Wands
 u - a wand of roots (3)
Scrolls
 g - 2 scrolls of immolation
 i - 2 scrolls of enchant armour {unknown}
 k - 2 scrolls of identify
 l - 3 scrolls of teleportation {unknown}
 o - a scroll of noise {unknown}
 r - a scroll of magic mapping {unknown}
 v - a scroll of silence {unknown}
Potions
 a - a potion of magic
 c - a potion of lignification
 f - a potion of cancellation
 j - a potion of degeneration {unknown}
 q - 2 potions of curing
 t - 2 potions of flight {unknown}


   Skills:
 + Level 2.7 Fighting
 + Level 3.0 Dodging
 - Level 1.7 Stealth
 + Level 3.1 Spellcasting
 + Level 4.9 Conjurations


You had 7 spell levels left.
You knew the following spells:

 Your Spells              Type           Power      Damage    Failure   Level
a - Magic Dart            Conj           96%        1d7       1%          1
b - Searing Ray           Conj           48%        2d6       2%          2

Your spell library contained the following spells:

 Spells                   Type           Power      Damage    Failure   Level
 Dazzling Flash           Conj/Hex       26%        N/A       14%         3
 Scorch                   Fire           6%         2d5       21%         2
 Inner Flame              Hex/Fire       3%         N/A       36%         3
 Flame Wave               Conj/Fire      13%        2d6       43%         4
 Fulminant Prism          Conj/Hex       6%         3d6       43%         4
 Iskenderun's Mystic Bla  Conj/Tloc      13%        2d5       43%         4
 Sticky Flame             Conj/Fire      13%        2d4       43%         4
 Summon Cactus Giant      Summ           1%         N/A       100%        6


Dungeon Overview and Level Annotations

Branches:
Dungeon (4/15)
 Temple: D:4-7

Altars:
Kikubaaqudgha
Okawaru

Annotations:
D:4 Pikel


Innate Abilities, Weirdness & Mutations

Your plain brown scales are hard. (AC +5)
You cannot fit into any form of body armour.
You are cold-blooded and may be slowed by cold attacks.


Message History

Pikel is lightly wounded.
The searing ray hits the adder.
The adder is heavily wounded.
Pikel hits you with a +2 whip of freezing.
Pikel freezes you.
The searing ray hits Pikel!
Pikel is moderately wounded.
The searing ray misses the adder.
You finish channelling your searing ray.
The lemure hits you.
Pikel hits you with a +2 whip of freezing.
You feel yourself slow down. Pikel freezes you. The lemure hits you!
Pikel hits you with a +2 whip of freezing.
You feel as though you will be slow longer.
Pikel freezes you. Pikel attacks as you move away!
Pikel hits you with a +2 whip of freezing!
* * * LOW HITPOINT WARNING * * *
You feel as though you will be slow longer.
Pikel freezes you.
* * * LOW HITPOINT WARNING * * *
Casting: Searing Ray (safe; 2% risk of failure)
Confirm with . or Enter, or press ? or * to list all spells.
Aiming: Searing Ray (safe; 2% risk of failure)
Press: ? - help, Shift-Dir - straight line, f/p - Pikel
Aim: Pikel, wielding a +2 whip of freezing and wearing a +0 robe of willpower (moderately wounded, 72% to hit)
The searing ray hits Pikel.
Pikel is moderately wounded.
The searing ray hits the lemure!
The lemure is moderately wounded.
The searing ray hits the adder!
You kill the adder! (Press . to maintain the ray.) Pikel barely misses you.
As you read the scroll labelled WUERCH TIFIDEKH, it crumbles to dust.
The creatures around you are filled with an inner flame!
It was a scroll of immolation.
Pikel hits you with a +2 whip of freezing!
You die...

#.##..# #.. #.###.##..#
###.# #.......).. ...#
#####.##..# #..# #.##..#
#..# ######.##<.. #..#
#..........#
######..####.###.......
#..55K@...†...........#
......5#..####.###..##.##
#.#.####...........#.#...
.. ...#####.##.###..#. #
##### #.#.## #... #.##
.#. #.. # ###


You could see Pikel (inner flame) and 3 lemures.

Vanquished Creatures
  Natasha (thrice) (D:3)
  3 adders
  4 gnolls (D:3)
  4 worms
  A dart slug (D:2)
  7 endoplasms
  6 giant cockroaches
  6 hobgoblins
  3 jackals (D:4)
  2 kobolds (D:2)
  A quokka (D:3)
  6 ball pythons
  2 bats (D:1)
  3 frilled lizards
  6 goblins
  2 rats (D:2)
59 creatures vanquished.

Notes
Turn   | Place    | Note
-------+----------+-------------------------------------------
     0 | D:1      | voltaire321 the Draconian Conjurer began the quest for the
                  | Orb.
     0 | D:1      | Reached XP level 1. HP: 14/14 MP: 3/3
   106 | D:1      | You fall into a shaft and drop 1 floor!
   573 | D:1      | Reached XP level 2. HP: 22/22 MP: 5/5
   692 | D:1      | Reached skill level 1 in Fighting
  1217 | D:2      | Reached XP level 3. HP: 16/28 MP: 6/6
  1646 | D:2      | Learned a level 2 spell: Searing Ray
  2058 | D:3      | Reached XP level 4. HP: 25/36 MP: 2/7
  2288 | D:3      | Noticed Natasha
  2292 | D:3      | Killed Natasha
  2524 | D:3      | Reached XP level 5. HP: 41/41 MP: 9/9
  2630 | D:3      | Found an ancient bone altar of Kikubaaqudgha.
  2636 | D:3      | Found an iron altar of Okawaru.
  2647 | D:3      | Noticed Natasha
  2654 | D:3      | Killed Natasha
  2875 | D:3      | Noticed Natasha
  2898 | D:3      | Killed Natasha
  3229 | D:4      | Noticed Pikel
  3230 | D:4      | Noticed a lemure
  3230 | D:4      | Noticed a lemure
  3234 | D:4      | Noticed a lemure
  3240 | D:4      | Slain by Pikel

Illustrated notes

Levels and vault maps discovered:
D:1:      shiori_arrival_oz, layout_rooms, nicolae_titane
D:2:      layout_loops_corners, minmay_misc_feat_rugged, st_stairs_1,
          serial_park_tiny_2, roderic_three_in_a_row
D:3:      layout_basic, mainiacjoe_overflow_catwalk_spiral, uniq_natasha
D:4:      layout_loops_ring, vehumet_altar_wand_db, nzn_wu_jian_council_hall,
          minmay_temple_entry_statues_pillars, uniq_pikel

Skill      XL: |  1  2  3  4  5 |
---------------+----------------+-----
Dodging        | 2 3 |  3.0
Fighting       | 1 2 |  2.7
Spellcasting   | 3 |  3.1
Stealth        | |  1.7
Conjurations   | |  4.9

Action                     |  1- 3 |  4- 6 || total
---------------------------+-------+-------++-------
  Melee: Short sword       |   120 |    55 ||   175
         Dagger            |     2 |       ||     2
         Unarmed           |     2 |       ||     2
         Tailslap          |    23 |    10 ||    33
         Punch             |     1 |       ||     1
   Cast: Magic Dart        |    16 |       ||    16
         Searing Ray       |     2 |    12 ||    14
    Use: Scroll            |       |     4 ||     4
   Stab: Sleeping          |     7 |     3 ||    10
 Armour: Skin              |    19 |    13 ||    32
  Dodge: Dodged            |    55 |    32 ||    87
  Block: Other             |    11 |    16 ||    27

Table legend: (Time is in decaauts)
 A = Elapsed time spent in this place.
 B = Non-inter-level travel time spent in this place.
 C = Inter-level travel time spent in this place.
 D = Time resting spent in this place.
 E = Time spent auto-exploring this place.
 F = Levels seen in this place.
 G = Mean time per level.
                   A        B        C        D        E       F      G
               +--------+--------+--------+--------+--------+-----+--------+
         Total |   3250 |   3208 |     42 |    519 |   1820 |   4 |  812.5 |
       Dungeon |   3250 |   3208 |     42 |    519 |   1820 |   4 |  812.5 |
               +--------+--------+--------+--------+--------+-----+--------+

Top non-repeatable levels by time:
     D:3: 1185 daAuts
     D:2: 1157 daAuts
     D:1: 778 daAuts
     D:4: 128 daAuts
